Map: New Repugnancy LE

Players

Mez - Winner!

  • Race: Terran Terran
  • League: Master
  • Spawn Location: 7:00

DaeJong

  • Race: Zerg Zerg
  • League: Diamond
  • Spawn Location: 1:00

VOD

Have the link to the VOD?

Description

Time

  • Played on: Aug. 6, 2019, 8:51 a.m.
  • Length: 10:57
Show
View Real Time Build Order
Export as new Build Order

Mez Terran - Winner!

Build Orders: Reaper Expand 

Get SALT Encoding   

  12  0:00  SCV  
  13  0:12  SCV  
  14  0:17  Supply Depot  
  14  0:25  SCV  
  15  0:39  SCV  
  15  0:40  Barracks  
  16  0:44  Refinery  
  16  0:51  SCV  
  17  1:03  SCV  
  18  1:15  SCV  
  19  1:28  Reaper, Orbital Command  
  20  1:41  Command Center  
  20  1:52  Barracks  
  20  1:55  SCV  
  21  2:01  Barracks Reactor  
  21  2:07  Barracks  
  21  2:10  SCV  
  22  2:16  Supply Depot  
  22  2:22  SCV  
  23  2:38  SCV  
  23  2:43  Marine x2  
  26  2:45  Barracks Tech Lab  
  26  2:50  SCV  
  27  2:56  Orbital Command  
  27  2:57  Marine  
  28  3:02  SCV, Marine x2  
  28  3:03  Marine  
  28  3:04  Combat Shield  
  32  3:14  SCV  
  32  3:16  Marine  
  32  3:17  Supply Depot  
  34  3:26  SCV  
  35  3:33  Marine x3  
  38  3:34  Marine  
  38  3:38  SCV  
  38  3:41  SCV  
  40  3:44  Supply Depot  
  40  3:49  Engineering Bay  
  40  3:50  SCV  
  40  3:53  Marine x2  
  40  3:54  Supply Depot  
  43  3:56  SCV  
  44  4:07  Marine x2  
  44  4:08  SCV x2  
  48  4:11  Marine  
  49  4:17  Terran Infantry Weapons Level 1  
  49  4:23  Stimpack  
  50  4:24  SCV x2  
  50  4:26  Marine x2  
  50  4:27  Marine  
  54  4:36  SCV x2  
  56  4:44  Command Center  
  56  4:46  Marine  
  56  4:47  Marine x3  
  56  4:48  SCV x2  
  56  4:51  Refinery x2  
  62  4:58  Factory  
  62  5:00  SCV x2  
  56  5:21  Marine x2  
  56  5:22  Marine x2  
  56  5:23  SCV x2  
  57  5:35  SCV x2  
  57  5:39  Marine x2  
  57  5:40  Marine x2  
  57  5:41  Engineering Bay  
  57  5:42  Barracks  
  61  5:43  Barracks  
  61  5:44  Starport  
  61  5:45  Armory  
  61  5:51  Refinery  
  61  5:52  Factory Reactor  
  61  5:57  Marine  
  61  6:03  Orbital Command  
  62  6:08  Barracks Reactor  
  62  6:13  Marine x2  
  62  6:14  SCV x2  
  62  6:15  Marine  
  67  6:23  Orbital Command  
  67  6:26  SCV x2  
  67  6:30  Barracks Reactor  
  67  6:31  Marine x2  
  71  6:34  Medivac x2  
  71  6:36  Barracks Reactor  
  71  6:38  SCV x2  
  77  6:40  Barracks  
  77  6:41  Barracks  
  77  6:42  Marine  
  77  6:43  Barracks  
  78  6:47  Terran Infantry Weapons Level 2  
  78  6:48  SCV  
  78  6:49  Marine x2  
  78  6:50  SCV  
  78  6:51  SCV  
  83  6:57  Supply Depot  
  83  6:58  Terran Infantry Armor Level 1, Supply Depot x3  
  83  7:00  SCV  
  84  7:09  Marine  
  84  7:10  Supply Depot  
  84  7:11  Supply Depot x2  
  85  7:18  SCV x2, Marine x6  
  85  7:19  SCV, Marine x2  
  96  7:27  Marine  
  83  7:38  Marine x7  
  83  7:39  Barracks Reactor x2  
  83  7:40  Barracks Reactor  
  87  7:47  Marine x2  
  87  7:48  Medivac  
  90  7:56  Marine x6  
  90  7:58  SCV, Supply Depot  
  96  7:59  SCV x2  
  96  8:00  Supply Depot  
  96  8:04  Terran Vehicle And Ship Armor Level 1, Barracks  
  99  8:06  Barracks  
  99  8:11  SCV x3  
  99  8:22  Marine  
  99  8:23  SCV x2, Marine x14  
  99  8:27  Concussive Shells  
  116  8:34  Supply Depot  
  116  8:36  Supply Depot  
  116  8:40  Marine, Supply Depot  
  116  8:41  Marine  
  118  8:43  Marine x11  
  118  8:46  Medivac  
  131  8:55  Marine  
  131  8:56  Marine  
  131  8:58  Marine  
  131  8:59  Marine, Supply Depot  
  131  9:00  Supply Depot  
  131  9:01  Marine x6  
  141  9:20  Marine x14, Marauder  
  151  9:31  Medivac x2  
  152  9:38  Marine x5  
  158  9:39  Marine x7  
  158  9:40  Barracks Tech Lab  
  158  9:41  Marauder  
  158  9:42  Barracks Tech Lab  
  158  9:44  Command Center, Marine x2  
  170  9:48  Refinery  
  170  9:55  Marine  
  170  9:56  Marine x2  
  173  10:01  Medivac x2  
  173  10:03  Marauder  
  179  10:09  Marine x9  
  179  10:10  Marine x4  
  179  10:13  Marine x3  
Show
View Real Time Build Order
Export as new Build Order

DaeJong Zerg 

Build Orders: Hatch First 

Get SALT Encoding   

  12  0:02  Drone  
  13  0:12  Overlord  
  13  0:16  Drone  
  14  0:31  Drone x2  
  14  0:35  Drone  
  17  0:53  Hatchery  
  17  0:56  Drone  
  17  0:58  Drone  
  17  1:02  Extractor  
  17  1:15  Spawning Pool  
  16  1:19  Drone  
  16  1:21  Drone  
  18  1:28  Drone  
  19  1:38  Overlord  
  19  1:52  Drone  
  20  2:02  Queen  
  20  2:03  Zergling x2  
  20  2:04  Metabolic Boost  
  20  2:07  Queen  
  25  2:11  Zergling x2  
  25  2:14  Drone  
  27  2:17  Drone  
  27  2:35  Zergling x6  
  30  2:39  Queen  
  32  2:48  Queen  
  32  2:49  Drone x2  
  36  2:54  Overlord  
  36  3:05  Overlord  
  36  3:20  Drone x4  
  36  3:21  Drone x4  
  36  3:22  Drone  
  41  3:48  Drone x2  
  41  3:49  Drone x4  
  41  3:50  Drone x2  
  49  3:56  Hatchery  
  49  4:00  Baneling Nest  
  46  4:18  Drone x4  
  46  4:19  Drone  
  46  4:22  Evolution Chamber, Extractor  
  46  4:23  Extractor  
  46  4:24  Drone x3  
  50  4:25  Lair  
  50  4:27  Extractor  
  50  4:28  Drone x2  
  52  4:31  Overlord  
  52  4:37  Overlord x2  
  52  4:42  Spore Crawler  
  52  4:44  Drone, Spore Crawler  
  51  4:54  Drone x3  
  51  4:56  Evolution Chamber  
  51  4:58  Zerg Melee Weapons Level 1  
  51  4:59  Drone x2  
  55  5:02  Baneling  
  55  5:03  Baneling  
  55  5:07  Zergling x4  
  55  5:08  Zergling x4  
  43  5:30  Drone x3  
  43  5:33  Drone  
  43  5:35  Overlord  
  46  5:38  Drone x5  
  50  5:44  Drone x3  
  50  5:45  Drone  
  54  5:54  Zerg Ground Armor Level 1  
  54  5:55  Drone  
  55  5:57  Drone  
  55  6:00  Overseer x2  
  56  6:06  Baneling x5  
  56  6:07  Drone, Baneling  
  57  6:11  Centrifical Hooks  
  57  6:13  Overseer  
  57  6:19  Queen  
  59  6:28  Drone x3  
  59  6:29  Drone x3  
  65  6:32  Overlord  
  65  6:38  Hydralisk Den  
  64  6:41  Overlord  
  64  6:43  Extractor  
  64  6:44  Extractor  
  64  6:45  Spore Crawler  
  61  6:51  Zergling x10  
  61  6:52  Zergling x4  
  68  6:55  Zerg Melee Weapons Level 2  
  68  6:58  Baneling x2  
  68  7:11  Muscular Augments  
  68  7:13  Baneling x11  
  68  7:14  Baneling  
  68  7:18  Drone x5  
  68  7:19  Drone  
  68  7:21  Drone  
  75  7:24  Drone x2  
  77  7:37  Hydralisk  
  71  7:38  Overlord x2  
  71  7:39  Drone  
  72  7:47  Hydralisk  
  74  7:53  Overlord x3  
  74  7:57  Zerg Ground Armor Level 2  
  74  8:01  Drone x3  
  74  8:02  Infestation Pit  
  76  8:14  Hydralisk x4  
  76  8:15  Hydralisk x2  
  85  8:22  Zergling x10  
  91  8:27  Drone  
  91  8:34  Zergling x6  
  93  8:35  Zergling x2  
  95  8:42  Baneling x3  
  95  8:43  Baneling x7  
  95  8:44  Drone x2  
  95  8:45  Drone  
  95  8:46  Hatchery  
  95  8:48  Grooved Spines  
  97  8:51  Overlord  
  97  8:52  Drone  
  97  8:53  Drone  
  97  8:55  Baneling x2  
  99  8:56  Baneling x3  
  99  8:57  Baneling  
  99  9:04  Hive  
  99  9:07  Zergling x8  
  99  9:08  Zergling x2  
  99  9:09  Drone x2  
  104  9:26  Hatchery  
  102  9:31  Hydralisk x2  
  102  9:32  Overlord, Hydralisk x3  
  102  9:33  Drone x2  
  102  9:36  Queen  
  116  9:45  Extractor  
  115  9:46  Baneling x2  
  115  9:47  Baneling x5, Extractor  
  115  9:52  Zergling x12  
  120  9:54  Drone  
  120  9:56  Drone  
  122  10:06  Drone x2  
  124  10:07  Zergling x4  
  124  10:08  Overlord, Zergling x2  
  124  10:09  Drone  
  128  10:31  Hydralisk x3  
  128  10:32  Hydralisk x3  
  128  10:33  Overlord x2  
Tags
 
Add a new tag
Caveats
  • Supply blocks, unpowered buildings, or Contaminate may cause inaccurate times.
  • Supply counts are checked every 10 seconds.